 Dungeon Crawl Stone Soup version 0.21.1-1-g345015f (webtiles) character file.

2873 vaffanculo the Grappler (level 9, -11/67 HPs)
             Began as a Mummy Monk on July 30, 2018.
             Was a Priest of Cheibriados.
             Mangled by a two-headed ogre
             ... wielding a +0 giant club
              (17 damage)
             ... on level 8 of the Dungeon.
             The game lasted 00:16:39 (8504 turns).

vaffanculo the Grappler (Mummy Monk)                Turns: 8504, Time: 00:16:41

Health: -11/67     AC:  7    Str: 23    XL:     9   Next: 47%
Magic:  10/10      EV: 11    Int: 16    God:    Cheibriados [***...]
Gold:   322        SH:  0    Dex: 20    Spells: 8/8 levels left

rFire    x . .     SeeInvis +     - Unarmed
rCold    + + .     Gourm    .   (no shield)
rNeg     + + +     Faith    .   g - +1 scale mail {rC+}
rPois    ∞         Spirit   .   (no helmet)
rElec    .         Reflect  .   (no cloak)
rCorr    .         Harm     .   (no gloves)
MR       +....                  (no boots)
Stlth    +.........             (no amulet)
HPRegen  0.21/turn              e - ring of see invisible
MPRegen  0.12/turn              (no ring)

@: very slow
A: no food or potions, fire vulnerability, cold resistance 1, negative energy
resistance 3, torment resistance, unbreathing
a: Bend Time, Temporal Distortion, Renounce Religion


You were on level 8 of the Dungeon.
You worshipped Cheibriados.
Cheibriados was most pleased with you.
You were not hungry.

You visited 2 branches of the dungeon, and saw 9 of its levels.

You collected 322 gold pieces.

Inventory:

Missiles
 j - 36 poisoned needles
 q - 6 javelins (quivered)
Armour
 a - a +0 robe
 c - a +0 ring mail
 d - a +1 chain mail
 g - a +1 scale mail of cold resistance (worn)
Jewellery
 e - a ring of see invisible (left hand)
 m - an uncursed ring of ice {unknown}
 r - an uncursed ring of wizardry {unknown}
 s - an uncursed ring of protection from cold {unknown}
Wands
 i - a wand of digging (2)
 k - a wand of polymorph (5)
Scrolls
 b - 2 scrolls of fog
 f - 3 scrolls of teleportation
 l - a scroll of random uselessness {unknown}
 n - 4 scrolls of identify
 o - 5 scrolls of remove curse
 p - a scroll of brand weapon {unknown}
 t - a scroll of magic mapping {unknown}
 u - a scroll of immolation {unknown}
Books
 h - a book of Air

   Spells                             Type                      Level
   a - Shock                          Conjuration/Air              1
   b - Swiftness                      Charms/Air                   2
   c - Static Discharge               Conjuration/Air              3
   d - Airstrike                      Air                          4
   e - Lightning Bolt                 Conjuration/Air              5


   Skills:
 * Level 4.9 Fighting
 - Level 2.4 Dodging
 - Level 1.5 Stealth
 - Level 10.5 Unarmed Combat
 + Level 2.2 Invocations


You had 8 spell levels left.
You didn't know any spells.

Dungeon Overview and Level Annotations

Branches:
Dungeon (8/15)             Temple (1/1) D:6
   Lair: D:8-11

Altars:
Ashenzari
Cheibriados
Dithmenos
Gozag
Hepliaklqana
Okawaru
Ru
Trog
Vehumet
Xom
Zin
The Shining One

Shops:
D:4 =

Annotations:
D:3 exclusions: downstairs and 1 more exclusion
D:5 exclusion: downstairs
D:7 4 runed doors, Joseph
D:8 exclusion: upstairs, Grum


Innate Abilities, Weirdness & Mutations

You do not eat or drink.
Your flesh is vulnerable to fire.
You are immune to poison.
Your flesh is cold resistant. (rC+)
You are immune to negative energy. (rN+++)
You are immune to unholy pain and torment.
You can survive without breathing.


Message History

* * * LOW HITPOINT WARNING * * *
The steam dragon bites you but does no damage.
The steam dragon claws you.
* * * LOW HITPOINT WARNING * * *
The steam dragon breathes steam at you. The ball of steam misses you.
You hear a shout!
Your surroundings suddenly seem different.
Grum the Hunter comes into view.
He is wielding a spear.
Grum growls angrily.
A wolf comes into view.
The wolf howls!
A wolf comes into view.
The wolf howls!
A crimson imp comes into view.
The crimson imp shouts!
The wolf moves out of view.
Grum drinks a potion.
Grum seems to speed up.
The crimson imp blinks!
The two-headed ogre hits you with a giant club!
You die...

#.# #.# #.# #.# #.#
######## #. #.#
##.#......###.##...###.#
........................
#...@..# #...#.#.#
#..5O..# ## #)#†#
#....h.# # #.# #......#
#.# #.....h# #.#
......§. #.. #########g
#.. F# ...


You could see a two-headed ogre, Grum, 2 wolves, a bullfrog (wandering) and a
crimson imp.

Vanquished Creatures
  Pikel (D:7)
  The ghost of dvd the Insei, an amateur OpTm (D:4)
  2 slaves (D:7)
  A black bear (D:6)
  2 sky beasts
  An orc warrior (D:5)
  3 phantoms
  4 ogres
  A centaur (D:7)
  A scorpion (D:8)
  A howler monkey (D:4)
  3 jellies
  3 crimson imps
  A centaur zombie (D:7)
  A quasit (D:5)
  2 bullfrog skeletons
  3 hounds
  6 orc priests
  3 orc wizards
  A centaur skeleton (D:5)
  Terence (D:3)
  Natasha (thrice) (D:2)
  2 worker ants (D:4)
  18 adders
  An adder skeleton (D:5)
  2 worms
  2 dart slugs
  6 leopard geckos
  26 orcs
  A ball python (D:2)
  8 bats
  6 giant cockroaches
  4 goblins
  10 hobgoblins
  3 jackals (D:3)
  2 quokkas
  7 frilled lizards
  9 kobolds
  A leopard gecko skeleton (D:6)
  9 rats
162 creatures vanquished.

Notes
Turn   | Place    | Note
-------+----------+-------------------------------------------
     0 | D:1      | vaffanculo the Mummy Monk began the quest for the Orb.
     0 | D:1      | Reached XP level 1. HP: 18/18 MP: 1/1
   354 | D:1      | Reached XP level 2. HP: 22/24 MP: 2/2
   369 | D:1      | Reached skill level 3 in Unarmed Combat
   844 | D:2      | Reached XP level 3. HP: 25/29 MP: 3/3
  1062 | D:2      | Noticed Natasha
  1089 | D:2      | Killed Natasha
  1089 | D:2      | Reached skill level 4 in Unarmed Combat
  1089 | D:2      | Reached XP level 4. HP: 16/35 MP: 4/4
  1303 | D:2      | Noticed Natasha
  1316 | D:2      | Killed Natasha
  1436 | D:2      | Noticed Natasha
  1467 | D:2      | Killed Natasha
  1467 | D:2      | Reached XP level 5. HP: 38/41 MP: 5/5
  1752 | D:2      | Reached skill level 5 in Unarmed Combat
  2101 | D:3      | Noticed Terence
  2112 | D:3      | Killed Terence
  2665 | D:3      | Found a faded altar of an unknown god.
  2760 | D:3      | Reached XP level 6. HP: 44/47 MP: 6/6
  3384 | D:4      | Reached skill level 6 in Unarmed Combat
  3625 | D:4      | Found Oskanlae's Jewellery Shop.
  3772 | D:4      | Found an opulent altar of Gozag.
  3772 | D:4      | Found a shadowy altar of Dithmenos.
  3851 | D:4      | Reached XP level 7. HP: 52/52 MP: 7/7
  4031 | D:4      | Noticed dvd's ghost (amateur OpTm)
  4060 | D:4      | Killed dvd's ghost
  4060 | D:4      | Reached skill level 7 in Unarmed Combat
  4478 | D:5      | Entered Level 5 of the Dungeon
  4695 | D:5      | Found a hazy altar of Hepliaklqana.
  4748 | D:5      | Reached skill level 8 in Unarmed Combat
  4766 | D:5      | Reached XP level 8. HP: 44/58 MP: 8/8
  5750 | D:5      | Reached skill level 9 in Unarmed Combat
  5912 | D:6      | Found a staircase to the Ecumenical Temple.
  5950 | Temple   | Entered the Ecumenical Temple
  6138 | Temple   | Became a worshipper of Cheibriados the Contemplative
  6138 | Temple   | Reached * piety under Cheibriados
  6138 | Temple   | Reached ** piety under Cheibriados
  6789 | D:6      | Found a bloodstained altar of Trog.
  6790 | D:6      | Found a shattered altar of Ashenzari.
  7195 | D:7      | Found a large runed door.
  7197 | D:7      | Found a large runed door.
  7254 | D:7      | Found a radiant altar of Vehumet.
  7284 | D:7      | Noticed Pikel
  7560 | D:7      | Killed Pikel
  7560 | D:7      | Reached skill level 10 in Unarmed Combat
  7560 | D:7      | Reached XP level 9. HP: 49/63 MP: 9/9
  7593 | D:7      | Found a large runed door.
  7593 | D:7      | Found a large runed door.
  7779 | D:7      | Reached skill level 1 in Invocations
  8207 | D:7      | Noticed Joseph
  8363 | D:8      | Reached *** piety under Cheibriados
  8504 | D:8      | Noticed Grum
  8504 | D:8      | Mangled by a two-headed ogre

Skill      XL: |  1  2  3  4  5  6  7  8  9 |
---------------+----------------------------+-----
Unarmed Combat | 3 4 5 6 8 10 | 10.5
Invocations    | 2 |  2.2
Fighting       | 4 |  4.9
Dodging        | |  2.4
Stealth        | |  1.5

Action                   |  1- 3 |  4- 6 |  7- 9 || total
-------------------------+-------+-------+-------++-------
Melee: Unarmed           |   154 |   354 |   388 ||   896
       Punch             |     2 |     2 |    20 ||    24
Evoke: Wand              |       |       |     2 ||     2
  Use: Scroll            |       |     7 |     5 ||    12
 Stab: Sleeping          |     3 |       |       ||     3
Armor: Chain mail        |    86 |   137 |       ||   223
       Robe              |     8 |       |       ||     8
       Scale mail        |       |    46 |   132 ||   178
Dodge: Dodged            |    57 |   129 |   150 ||   336
